Map: [ESL] Data-C

Players

LiquidClem (Clem)

  • Race: Terran Terran
  • League: Master
  • Spawn Location: 9:00

Serral - Winner!

  • Race: Zerg Zerg
  • League: Grandmaster
  • Spawn Location: 3:00

Event: TSL 9

VOD

Have the link to the VOD?

Description

Time

  • Played on: Aug. 5, 2022, 6:41 a.m.
  • Length: 15:15

All games in this series

Show
View Real Time Build Order
Export as new Build Order

LiquidClem Terran 

Build Orders: Liberator Opening, Reaper Expand 

Get SALT Encoding   

  12  0:00  SCV  
  13  0:12  SCV  
  14  0:17  Supply Depot  
  14  0:24  SCV  
  15  0:38  SCV  
  15  0:40  Barracks  
  16  0:43  Refinery  
  16  0:50  SCV  
  17  1:02  SCV  
  18  1:14  SCV  
  19  1:26  Reaper  
  19  1:27  Orbital Command  
  20  1:39  Command Center  
  20  1:46  Supply Depot  
  20  1:52  SCV  
  21  1:58  Marine  
  22  2:05  SCV  
  23  2:09  Factory  
  23  2:17  SCV  
  23  2:20  Barracks Reactor  
  24  2:29  SCV  
  25  2:40  Command Center  
  25  2:42  SCV  
  26  2:52  Orbital Command  
  26  2:54  SCV  
  27  3:00  Starport  
  27  3:04  Refinery  
  27  3:07  SCV  
  28  3:13  Hellion  
  28  3:17  Hellion  
  28  3:18  SCV  
  33  3:21  SCV  
  33  3:22  Barracks Tech Lab  
  34  3:30  SCV  
  34  3:33  SCV  
  36  3:37  Hellion  
  36  3:39  Hellion  
  40  3:45  Liberator  
  40  3:47  SCV  
  40  3:48  SCV  
  45  3:52  Orbital Command  
  45  3:59  SCV  
  45  4:00  SCV  
  45  4:02  Hellion x2  
  51  4:07  Marine  
  51  4:08  Supply Depot  
  52  4:11  SCV  
  52  4:12  SCV  
  52  4:14  Stimpack  
  54  4:18  SCV  
  54  4:23  Hellion x2, SCV  
  60  4:24  SCV  
  60  4:30  SCV, Starport Reactor  
  62  4:32  Supply Depot  
  62  4:35  SCV  
  63  4:39  Barracks  
  63  4:40  Barracks  
  63  4:41  Marine  
  63  4:42  SCV  
  63  4:44  Orbital Command  
  66  4:48  SCV  
  66  4:49  Refinery  
  66  4:50  Refinery  
  66  4:54  SCV  
  66  4:57  Engineering Bay x2  
  66  4:59  Marine  
  68  5:00  SCV  
  68  5:06  Supply Depot, SCV  
  70  5:10  SCV  
  70  5:12  SCV  
  72  5:16  Starport Reactor  
  72  5:17  Supply Depot, Marine  
  72  5:19  SCV  
  74  5:22  SCV, Factory Tech Lab  
  74  5:26  Terran Infantry Weapons Level 1  
  74  5:27  Terran Infantry Armor Level 1  
  74  5:28  Barracks  
  75  5:29  Barracks  
  75  5:32  SCV  
  75  5:35  Marine  
  78  5:36  SCV  
  78  5:37  SCV  
  79  5:43  Supply Depot, Marine x2  
  79  5:44  SCV  
  79  5:45  Marine x2  
  79  5:46  Siege Tank  
  79  5:47  Supply Depot  
  79  5:49  SCV  
  88  5:50  SCV  
  88  5:53  Marine  
  88  5:56  SCV  
  91  5:57  Medivac  
  93  6:05  SCV x2, Medivac, Marine x2  
  93  6:07  Supply Depot, Marine x2  
  93  6:09  SCV  
  93  6:10  Marine  
  103  6:13  Armory  
  103  6:16  Barracks Reactor  
  103  6:17  Supply Depot, SCV  
  104  6:18  SCV  
  104  6:20  Barracks Reactor  
  104  6:21  SCV  
  104  6:23  Refinery, Marine x2  
  104  6:25  Marine  
  109  6:28  Marine x2  
  109  6:29  Factory  
  112  6:32  SCV  
  112  6:34  SCV  
  114  6:40  Marine x2  
  114  6:42  Marine  
  114  6:43  Command Center  
  114  6:46  Marine x2  
  118  6:48  Siege Tank  
  118  6:49  Supply Depot  
  121  6:54  Marine x2  
  121  6:56  Marine  
  121  6:58  Supply Depot, Marine  
  125  7:02  Terran Vehicle And Ship Armor Level 1, Drilling Claws  
  125  7:06  Supply Depot  
  125  7:10  Medivac, Marine x4  
  125  7:15  Marine  
  116  7:16  Marine x2  
  116  7:17  Marine x2, Factory Reactor  
  116  7:19  Medivac  
  115  7:23  Siege Tank  
  115  7:25  Supply Depot  
  115  7:26  SCV x3  
  115  7:27  Refinery  
  115  7:28  Supply Depot, Marine x3  
  124  7:30  Marine  
  124  7:35  Terran Infantry Weapons Level 2  
  125  7:40  Supply Depot, Marine x2  
  125  7:41  SCV  
  125  7:42  Marine x2  
  125  7:43  Marine  
  131  7:44  SCV  
  131  7:48  Terran Infantry Armor Level 2  
  131  7:49  Marine  
  131  7:51  Marine  
  133  7:52  Marine  
  133  7:53  Marine  
  136  7:59  Widow Mine  
  136  8:00  Widow Mine x2  
  136  8:01  Medivac  
  136  8:05  SCV x2  
  146  8:06  SCV  
  146  8:09  Medivac  
  146  8:11  Marine x2  
  151  8:14  Marine  
  152  8:21  Widow Mine  
  152  8:22  Barracks x2  
  152  8:24  Widow Mine, Marine  
  152  8:25  Marine  
  142  8:27  Barracks  
  142  8:29  SCV, Widow Mine, Marine  
  142  8:32  SCV  
  147  8:37  Planetary Fortress  
  147  8:40  Marine x2  
  148  8:43  Medivac x2, Marine  
  157  8:50  Widow Mine, Marine  
  157  8:51  Combat Shield, Marine x2  
  157  8:52  Marine  
  157  8:54  SCV x2  
  154  8:57  Marine x2  
  154  8:58  Marine  
  154  8:59  Terran Vehicle Weapons Level 1, SCV  
  154  9:02  Factory Tech Lab  
  154  9:08  Supply Depot  
  154  9:13  Medivac, Widow Mine  
  154  9:15  Marine x2  
  154  9:16  SCV, Marine  
  162  9:18  Marine  
  162  9:21  Siege Tank, Marine x4  
  162  9:23  Marine  
  161  9:27  SCV  
  161  9:29  SCV x2, Sensor Tower  
  161  9:30  Refinery  
  161  9:31  Command Center  
  162  9:32  Marine  
  162  9:36  SCV  
  164  9:39  Refinery, Marine  
  164  9:40  Siege Tank  
  164  9:41  Ghost Academy  
  164  9:44  Factory  
  163  9:45  Barracks Tech Lab x3  
  163  9:49  Ghost Academy  
  158  9:55  Siege Tank  
  158  9:56  Medivac x2  
  158  9:57  Marine x4  
  158  9:58  Marine  
  170  10:00  Bunker  
  170  10:04  SCV  
  167  10:09  SCV x3  
  164  10:15  Bunker  
  164  10:16  SCV  
  164  10:18  Ghost  
  164  10:19  Siege Tank, Ghost  
  164  10:21  SCV x3, Ghost  
  174  10:24  Marine x5  
  174  10:25  Marine x2  
  174  10:28  Ghost  
  179  10:36  Supply Depot  
  179  10:38  SCV  
  179  10:39  SCV  
  179  10:42  SCV  
  182  10:43  SCV  
  182  10:44  Command Center  
  182  10:46  Missile Turret  
  182  10:47  Ghost  
  182  10:48  Ghost  
  187  10:52  Factory Tech Lab  
  187  11:03  Marine  
  188  11:06  Siege Tank, Marine  
  188  11:07  Refinery  
  188  11:10  Refinery  
  189  11:16  Siege Tank  
  189  11:18  Marauder  
  176  11:19  Marine  
  176  11:21  Marine  
  176  11:23  Terran Infantry Weapons Level 3  
  176  11:24  Siege Tank  
  165  11:26  Marine x2  
  165  11:28  Marauder x2  
  171  11:35  Marauder  
  171  11:36  Command Center, Marine  
  171  11:37  SCV  
  171  11:38  Siege Tank  
  171  11:39  Command Center  
  178  11:40  SCV  
  179  11:48  Siege Tank  
  179  11:49  Terran Vehicle Weapons Level 2  
  179  11:50  Marine  
  179  11:51  Missile Turret  
  183  11:56  Siege Tank  
  180  12:01  Marine x3  
  180  12:02  SCV  
  184  12:10  Siege Tank, Ghost  
  184  12:13  Planetary Fortress  
  184  12:14  Orbital Command  
  189  12:21  Siege Tank, Marine x3, Marauder x2  
  199  12:31  Missile Turret  
  199  12:33  Command Center  
  199  12:35  Refinery, Siege Tank  
  200  12:42  Siege Tank  
  188  12:45  Marine  
  188  12:48  Medivac x2  
  188  12:49  Marauder  
  188  12:50  Ghost x2  
  165  12:53  SCV x2, Siege Tank  
  165  12:54  SCV  
  165  12:57  Orbital Command  
  171  13:01  Ghost  
  171  13:05  SCV  
  174  13:06  Personal Cloaking  
  174  13:07  Marine  
  174  13:10  Ghost  
  174  13:12  Siege Tank  
  176  13:13  Marine  
  176  13:14  Marine  
  176  13:15  SCV  
  176  13:16  Marine x2  
  176  13:17  SCV  
  178  13:23  SCV  
  179  13:27  Siege Tank  
  179  13:28  SCV x2  
  179  13:31  Marine x3  
  179  13:33  Marine  
  188  13:39  Siege Tank  
  188  13:48  Siege Tank  
  165  13:49  Liberator  
  165  13:50  Viking, Marine  
  165  13:54  SCV x2  
  167  13:58  Marine x2, Ghost  
  167  14:00  SCV, Sensor Tower  
  167  14:01  SCV  
  173  14:03  Planetary Fortress  
  173  14:07  Siege Tank  
  176  14:22  Siege Tank  
  176  14:24  Marauder, Marine x4  
  178  14:29  Siege Tank  
  184  14:31  SCV  
  163  14:38  Marine  
  163  14:39  Siege Tank, Marine x2  
  163  14:40  Marine  
  163  14:42  Marine x2  
Show
View Real Time Build Order
Export as new Build Order

Serral Zerg - Winner!

Build Orders: Hatch First 

Get SALT Encoding   

  12  0:00  Drone  
  13  0:12  Overlord  
  13  0:17  Drone  
  14  0:30  Drone x2  
  16  0:48  Hatchery  
  15  0:51  Drone  
  15  0:55  Drone  
  17  0:58  Drone  
  18  1:09  Extractor  
  17  1:13  Spawning Pool  
  17  1:17  Drone  
  17  1:20  Drone  
  18  1:27  Drone  
  19  1:38  Drone  
  20  1:49  Drone  
  21  2:00  Queen x2  
  21  2:01  Zergling x4  
  27  2:11  Drone, Overlord  
  27  2:12  Metabolic Boost  
  28  2:30  Hatchery  
  28  2:36  Spore Crawler  
  26  2:39  Drone x2  
  26  2:40  Drone  
  30  2:44  Drone  
  30  2:48  Queen  
  33  2:54  Overlord  
  33  2:55  Drone  
  33  2:57  Drone  
  35  2:59  Drone  
  36  3:06  Overlord  
  36  3:15  Drone x3  
  36  3:16  Drone x2  
  36  3:19  Queen  
  41  3:22  Drone  
  44  3:27  Queen  
  44  3:30  Drone  
  44  3:33  Zergling x2  
  48  3:38  Zergling x2  
  49  3:46  Queen  
  49  3:47  Drone x5  
  54  3:52  Overlord  
  54  3:55  Overlord  
  54  3:58  Zergling x2  
  54  3:59  Zergling x2  
  54  4:02  Queen  
  58  4:09  Queen  
  58  4:10  Overlord  
  58  4:11  Drone  
  58  4:13  Drone  
  58  4:15  Drone  
  58  4:16  Drone  
  64  4:19  Drone x2  
  66  4:24  Overlord  
  66  4:25  Drone x2  
  68  4:33  Zergling x2  
  68  4:36  Zergling x2  
  68  4:37  Spore Crawler  
  69  4:39  Lair, Baneling Nest  
  69  4:41  Zergling x4  
  69  4:42  Drone x2  
  72  4:47  Drone x3  
  72  4:52  Spore Crawler, Queen  
  74  4:54  Drone x2  
  78  5:01  Zergling x2, Overlord  
  78  5:02  Drone  
  78  5:03  Drone  
  78  5:06  Extractor x2  
  79  5:08  Drone x2  
  81  5:17  Zergling x2  
  81  5:18  Overlord  
  81  5:19  Drone  
  81  5:20  Drone x5  
  87  5:21  Drone  
  87  5:26  Zergling x2  
  89  5:31  Drone x2, Hatchery  
  89  5:32  Drone  
  89  5:35  Extractor x2  
  90  5:36  Drone, Evolution Chamber  
  90  5:37  Drone  
  90  5:38  Centrifugal Hooks, Evolution Chamber  
  89  5:43  Drone x3  
  89  5:49  Overlord  
  92  5:50  Drone  
  92  5:52  Drone x2  
  92  5:54  Drone  
  96  6:01  Overlord  
  96  6:02  Drone x3  
  98  6:09  Hydralisk Den, Drone x3  
  98  6:10  Zerg Melee Weapons Level 1  
  100  6:12  Overlord  
  100  6:16  Overlord  
  100  6:17  Drone  
  101  6:18  Drone  
  101  6:19  Drone x2  
  101  6:21  Zerg Ground Armor Level 1  
  101  6:23  Drone  
  101  6:25  Overlord  
  105  6:27  Drone  
  105  6:33  Drone  
  105  6:36  Drone  
  105  6:38  Baneling x8  
  110  6:40  Zergling x6  
  110  6:42  Zergling x4, Muscular Augments  
  110  6:43  Queen  
  110  6:44  Zergling x2  
  110  6:46  Zergling x2  
  116  6:50  Pneumatized Carapace  
  116  6:52  Zergling x14  
  123  6:56  Zergling x4  
  125  7:03  Baneling x4  
  125  7:08  Zergling x14  
  132  7:11  Hatchery  
  128  7:16  Zergling x8  
  128  7:18  Baneling x7  
  128  7:19  Baneling  
  128  7:21  Drone x3, Extractor  
  128  7:22  Drone  
  131  7:23  Overlord  
  131  7:24  Zergling x4  
  131  7:27  Zergling x2  
  134  7:33  Drone  
  134  7:34  Zergling x16  
  134  7:36  Spore Crawler  
  142  7:46  Drone x2  
  142  7:47  Infestation Pit, Drone x3, Extractor  
  142  7:49  Zergling x4  
  142  7:50  Baneling x6  
  142  7:51  Baneling x2  
  147  7:52  Overseer x2  
  147  7:53  Grooved Spines  
  147  7:55  Overlord  
  147  7:56  Zergling x8  
  151  8:01  Zergling x10  
  156  8:11  Overlord x2  
  156  8:12  Overlord x3  
  156  8:14  Zerg Melee Weapons Level 2  
  156  8:16  Overlord  
  156  8:21  Hydralisk x7  
  168  8:27  Baneling x4  
  168  8:30  Drone  
  168  8:31  Drone x4  
  168  8:33  Hive  
  168  8:43  Zergling x26  
  168  8:47  Zerg Ground Armor Level 2  
  178  8:50  Zergling x10  
  176  9:00  Spore Crawler  
  176  9:02  Baneling x7  
  175  9:05  Zergling x22  
  183  9:20  Hatchery  
  183  9:21  Zergling x2  
  183  9:22  Zergling x20  
  183  9:27  Overlord  
  181  9:31  Zergling x10  
  181  9:35  Burrow  
  181  9:37  Drone, Extractor  
  181  9:38  Drone x2  
  188  9:39  Baneling  
  188  9:40  Baneling x7, Lurker Den  
  184  9:45  Viper x2  
  184  9:48  Adrenal Glands  
  184  9:49  Zergling x16  
  184  9:51  Baneling x7  
  180  10:08  Zergling x6  
  180  10:09  Zergling x34  
  197  10:20  Baneling x18  
  197  10:24  Drone x3  
  197  10:25  Overseer  
  200  10:31  Nydus Network  
  192  10:36  Zerg Missile Weapons Level 1  
  192  10:38  Zergling x16  
  200  10:45  Seismic Spines  
  200  10:49  Spore Crawler, Extractor  
  198  10:51  Drone  
  198  10:52  Spore Crawler, Drone x2  
  200  11:10  Viper x2  
  198  11:17  Zergling x44  
  198  11:18  Zergling x10  
  199  11:24  Zergling x20  
  182  11:28  Zergling x2  
  182  11:29  Zergling x14  
  182  11:30  Baneling x4  
  182  11:31  Pathogen Glands  
  189  11:34  Overseer  
  189  11:36  Spore Crawler, Baneling x7  
  188  11:41  Hatchery  
  188  11:42  Adaptive Talons  
  188  11:45  Nydus Canal  
  187  11:48  Zergling x24  
  187  11:49  Overseer  
  187  11:52  Zerg Ground Armor Level 3  
  199  11:56  Overseer  
  199  12:00  Zergling x18  
  192  12:10  Nydus Canal  
  192  12:11  Zergling x14  
  192  12:13  Baneling x18  
  199  12:25  Nydus Canal  
  199  12:28  Neural Parasite  
  199  12:31  Zerg Missile Weapons Level 2  
  199  12:33  Drone  
  153  12:51  Zergling x2  
  153  12:52  Zergling x52  
  153  12:55  Infestor x3  
  153  12:56  Zergling x10  
  153  12:57  Zergling x8  
  192  13:00  Baneling x13  
  192  13:02  Zergling x4  
  192  13:04  Overseer  
  194  13:09  Zergling x14  
  194  13:12  Zergling x2  
  199  13:14  Zergling x4  
  198  13:23  Nydus Canal  
  198  13:26  Zergling x4  
  200  13:31  Baneling x6  
  200  13:32  Baneling x4  
  189  13:44  Zergling x8  
  189  13:45  Zergling x34  
  191  13:52  Zergling x16  
  183  13:57  Zergling x4  
  183  13:58  Zergling x2  
  183  14:02  Nydus Canal  
  185  14:04  Baneling x10  
  185  14:06  Zergling x14  
  192  14:12  Baneling x2  
  192  14:14  Zergling x10, Unknown  
  196  14:18  Nydus Canal  
  196  14:19  Zergling x6  
  198  14:28  Zergling x8  
  199  14:38  Zergling x22  
  196  14:45  Zergling x16  
Tags
 
Add a new tag
Caveats
  • Supply blocks, unpowered buildings, or Contaminate may cause inaccurate times.
  • Supply counts are checked every 10 seconds.